Map: Jagannatha LE

Players

MaNa - Winner!

  • Race: Protoss Protoss

SortOf

  • Race: Zerg Zerg

Event: DreamHack SC2 Masters 2021 Fall

VOD

Have the link to the VOD?

Description

Time

  • Played on: Aug. 6, 2021, 11:23 a.m.
  • Length: 8:44

All games in this series

Show
View Real Time Build Order
Export as new Build Order

MaNa Protoss - Winner!

Build Orders: 1 Gate Expand, Oracle Opening 

Get SALT Encoding   

  12  0:00  Probe  
  13  0:12  Probe  
  14  0:20  Pylon  
  14  0:24  Probe  
  15  0:38  Probe (Chrono Boost)  
  16  0:44  Gateway  
  16  0:47  Probe (Chrono Boost)  
  17  0:52  Probe (Chrono Boost)  
  17  0:53  Assimilator  
  18  1:04  Probe (Chrono Boost)  
  19  1:13  Probe (Chrono Boost)  
  20  1:27  Nexus  
  20  1:37  Cybernetics Core  
  20  1:40  Probe  
  21  1:47  Assimilator  
  21  1:53  Probe  
  22  1:57  Pylon  
  22  2:05  Probe  
  23  2:12  Adept (Chrono Boost)  
  25  2:17  Probe  
  25  2:21  Stargate  
  26  2:27  Warp Gate  
  26  2:29  Probe  
  27  2:34  Adept (Chrono Boost)  
  29  2:40  Probe  
  29  2:41  Probe  
  31  2:52  Probe  
  31  2:53  Probe  
  31  2:55  Adept  
  35  3:04  Probe  
  35  3:05  Probe  
  37  3:06  Oracle (Chrono Boost)  
  37  3:10  Pylon  
  40  3:16  Probe  
  40  3:17  Probe  
  42  3:24  Gateway  
  42  3:28  Probe  
  42  3:32  Probe  
  44  3:34  Void Ray (Chrono Boost)  
  44  3:40  Probe  
  49  3:44  Probe  
  50  3:52  Probe  
  50  3:53  Pylon  
  51  3:56  Probe  
  51  4:02  Nexus  
  52  4:06  Probe  
  52  4:08  Probe  
  52  4:09  Pylon  
  54  4:18  Probe  
  54  4:20  Assimilator, Probe  
  54  4:22  Assimilator  
  54  4:23  Void Ray (Chrono Boost)  
  56  4:26  Stargate  
  56  4:30  Probe  
  57  4:32  Probe  
  62  4:42  Probe  
  62  4:44  Pylon, Probe  
  64  4:46  Pylon  
  64  4:54  Probe  
  64  4:56  Adept x2, Probe  
  64  4:59  Void Ray  
  70  5:07  Probe  
  75  5:08  Probe  
  75  5:11  Shield Battery  
  75  5:13  Void Ray (Chrono Boost), Probe  
  77  5:19  Probe  
  82  5:29  Probe x2  
  82  5:31  Probe  
  85  5:35  Void Ray (Chrono Boost)  
  85  5:43  Forge  
  85  5:44  Probe  
  85  5:45  Probe  
  85  5:48  Void Ray (Chrono Boost)  
  83  5:50  Pylon  
  83  5:52  Shield Battery  
  83  5:53  Shield Battery  
  87  5:59  Pylon  
  87  6:01  Pylon  
  87  6:04  Pylon  
  87  6:05  Pylon, Void Ray (Chrono Boost)  
  87  6:15  Void Ray (Chrono Boost)  
  87  6:16  Photon Cannon  
  91  6:22  Photon Cannon  
  95  6:27  Photon Cannon  
  95  6:32  Stalker  
  97  6:33  Stalker  
  97  6:43  Pylon  
  97  6:45  Void Ray  
  97  6:49  Void Ray  
  96  6:55  Photon Cannon  
  99  7:07  Shield Battery, Photon Cannon  
  95  7:15  Photon Cannon  
  89  7:22  Void Ray  
  89  7:28  Photon Cannon  
  92  7:33  Void Ray  
Show
View Real Time Build Order
Export as new Build Order

SortOf Zerg 

Build Orders: Hatch First 

Get SALT Encoding   

  12  0:00  Drone  
  13  0:12  Overlord  
  13  0:16  Drone  
  14  0:30  Drone x2  
  16  0:50  Hatchery  
  16  0:52  Drone  
  16  0:55  Drone  
  17  1:00  Drone  
  18  1:13  Extractor  
  18  1:15  Spawning Pool  
  16  1:19  Drone  
  16  1:23  Drone  
  18  1:28  Drone  
  19  1:39  Drone  
  20  1:54  Overlord  
  20  2:02  Queen, Zergling x2  
  20  2:03  Queen  
  20  2:04  Drone  
  26  2:11  Zergling x2  
  26  2:13  Drone  
  28  2:20  Metabolic Boost  
  28  2:24  Drone x2  
  30  2:41  Hatchery  
  29  2:44  Zergling x2  
  29  2:48  Queen  
  32  2:54  Drone  
  32  2:55  Overlord  
  33  3:04  Zergling x2  
  34  3:08  Zergling x2  
  34  3:09  Drone  
  36  3:13  Queen  
  36  3:16  Drone x2  
  39  3:21  Zergling x2  
  39  3:26  Drone x3  
  43  3:28  Drone  
  43  3:34  Overlord  
  44  3:37  Overlord  
  44  3:39  Spore Crawler  
  43  3:46  Drone  
  43  3:48  Overlord  
  44  3:52  Queen  
  44  3:55  Queen  
  46  3:58  Drone  
  46  3:59  Drone  
  46  4:01  Drone  
  51  4:03  Drone  
  51  4:05  Drone  
  51  4:06  Drone  
  51  4:08  Drone  
  55  4:12  Drone  
  55  4:13  Drone  
  55  4:15  Drone  
  57  4:18  Spore Crawler  
  57  4:22  Drone x2  
  57  4:26  Drone x3  
  60  4:33  Roach Warren  
  60  4:34  Drone x3  
  60  4:36  Drone  
  63  4:40  Drone x2  
  63  4:41  Drone  
  66  4:46  Extractor  
  66  4:47  Drone x2  
  66  4:49  Extractor  
  66  4:51  Drone x3  
  68  4:54  Extractor, Overlord  
  67  5:01  Overlord  
  67  5:02  Overlord  
  66  5:09  Overlord  
  66  5:12  Queen  
  66  5:13  Queen  
  70  5:14  Zergling x8  
  73  5:22  Roach x4  
  73  5:28  Roach x2  
  83  5:35  Roach x3  
  88  5:37  Roach  
  88  5:40  Roach  
  88  5:42  Zergling x2  
  89  5:44  Zergling x6  
  89  5:47  Zergling x4  
  92  5:51  Overlord  
  92  5:55  Zergling x6  
  95  5:58  Ravager  
  95  5:59  Ravager  
  95  6:00  Overlord  
  97  6:05  Overlord  
  97  6:10  Overlord  
  97  6:13  Ravager x4  
  97  6:15  Zergling x6  
  103  6:19  Overlord  
  103  6:22  Roach  
  103  6:25  Ravager  
  106  6:30  Zergling x10  
  110  6:33  Spore Crawler  
  110  6:39  Zergling x8  
  112  6:46  Overlord  
  105  6:52  Spore Crawler  
  99  6:55  Zergling x2  
  96  7:01  Spore Crawler  
  96  7:04  Queen  
  96  7:06  Zergling x6  
  92  7:12  Zergling x2  
  92  7:16  Roach  
  92  7:20  Zergling x2  
  91  7:23  Spore Crawler  
  91  7:25  Zergling x4  
  91  7:29  Zergling x2  
  93  7:32  Ravager  
  93  7:33  Ravager x2  
  90  7:39  Zergling x2  
  90  7:40  Pneumatized Carapace  
  91  7:47  Roach  
  88  8:02  Zergling x2  
  83  8:17  Roach  
  81  8:22  Roach x3  

Tags
 
Add a new tag
Caveats
  • Supply blocks, unpowered buildings, or Contaminate may cause inaccurate times.
  • Supply counts are checked every 10 seconds.